 Dungeon Crawl Stone Soup version 0.28.0-45-g0d030f2227 (webtiles) character file.

Game seed: 12920950670103364558

210 issech the Cudgeller (level 5, -2/53 HPs)
             Began as a Troll Monk on Apr 13, 2022.
             Slain by an orc
             ... wielding a +0 hand axe
              (5 damage)
             ... on level 3 of the Dungeon.
             The game lasted 00:10:24 (2299 turns).

issech the Cudgeller (Troll Monk)                   Turns: 2299, Time: 00:10:24

Health: -2/53      AC:  4    Str: 19    XL:     5   Next: 57%
Magic:  4/4        EV: 10    Int:  6    God:
Gold:   132        SH:  0    Dex: 14    Spells: 4/4 levels left

rFire   . . .      SeeInvis .   k - +3 whip
rCold   . . .      Faith    .   (no shield)
rNeg    . . .      Spirit   .   b - +0 robe
rPois   .          Reflect  .   (helmet restricted)
rElec   .          Harm     .   (no cloak)
rCorr   .          Rampage  .   (gloves unavailable)
Will    .....                   (boots unavailable)
Stlth   ++........              (no amulet)
HPRegen 0.97/turn               (no ring)
MPRegen 0.09/turn               (no ring)

@: no status effects
A: large, unfitting armour, claws 3, regeneration 1, shaggy fur 1, tough skin 1
a: no special abilities


You were on level 3 of the Dungeon.
You visited 1 branch of the dungeon, and saw 4 of its levels.

You collected 132 gold pieces.

Inventory:

Hand Weapons
 a - a +0 mace
 g - a +0 dagger of draining
 k - a +3 whip (weapon)
 w - a +0 dagger of electrocution
Missiles
 c - 59 stones (quivered)
 n - 5 poisoned darts
 u - 22 bolts
 y - 18 arrows
Armour
 b - a +0 robe (worn)
 p - a +0 animal skin
Jewellery
 v - an amulet of magic regeneration
 x - a +4 ring of evasion
Scrolls
 e - a scroll of immolation {unknown}
 f - a scroll of noise {unknown}
 l - a scroll of blinking {unknown}
 m - a scroll of brand weapon {unknown}
 q - a scroll of amnesia {unknown}
 s - a scroll of magic mapping {unknown}
 z - a scroll of fog {unknown}
Potions
 d - a potion of brilliance {unknown}
 h - 2 potions of heal wounds {unknown}
 i - 3 potions of curing {unknown}
 j - a potion of attraction {unknown}
 o - a potion of degeneration {unknown}
 r - a potion of ambrosia {unknown}
 t - 2 potions of lignification {unknown}
 A - a potion of haste


   Skills:
 + Level 3.4 Fighting
 + Level 4.2 Maces & Flails
 + Level 0.8 Throwing
 + Level 3.1 Dodging
 + Level 1.3 Stealth


You had 4 spell levels left.
You didn't know any spells.
Your spell library was empty.

Dungeon Overview and Level Annotations

Branches:
Dungeon (4/15)
 Temple: D:4-7

Altars:
Kikubaaqudgha
Ru

Annotations:
D:3 2 transporters, GloriousHammer's ghost, weakling MfSu


Innate Abilities, Weirdness & Mutations

You are too large for most types of armour.
You have claws for hands.
Your natural rate of healing is unusually fast.
You are covered in fur. (AC +1)
You have tough skin. (AC +1)


Message History

The orc is moderately wounded.
The hound barely misses you.
The ball python bites you but does no damage.
The orc barely misses you. The orc hits you with a +0 falchion.
The orc hits you with a +0 hand axe. The orc barely misses you.
You hit the orc.
The orc is heavily wounded.
The hound bites you. The ball python bites you.
The orc hits you with a +0 hand axe. The orc barely misses you.
The orc hits you with a +0 hand axe.
* * * LOW HITPOINT WARNING * * *
The hound stops to sniff the ground.
The hound bites you.
* * * LOW HITPOINT WARNING * * *
The orc hits you but does no damage.
You hit the orc.
The orc is almost dead.
The ball python bites you but does no damage.
The hound barely misses you. The orc barely misses you.
The orc hits you with a +0 hand axe.
* * * LOW HITPOINT WARNING * * *
The orc hits you with a +0 hand axe.
* * * LOW HITPOINT WARNING * * *
The orc hits you with a +0 flail.
* * * LOW HITPOINT WARNING * * *
You barely miss the orc.
The orc is almost dead.
The ball python bites you but does no damage.
The hound bites you but does no damage. The orc barely misses you. x3
The hound barely misses you.
The ball python bites you but does no damage.
Unknown command.
You whack the orc!
You kill the orc!
The orc hits you with a +0 flail.
* * * LOW HITPOINT WARNING * * *
The hound misses you. The orc closely misses you. x2
The ball python misses you. The orc hits you with a +0 hand axe.
You die...

.....####.# #.# ##.## #...## #.#
#)# #.# #...## ##.###### #.# #.#
.....# #.......###.## #.#
.....###.#####......# #.#
PP.......# #.###..# #.#
.....#...# #.###..########.#
_......#.# #>oo............#
.....###.#####oh@...#############
....<.........S####..............
..........###### ###############
###########


You could see a hound, 3 orcs and a ball python.

Vanquished Creatures
  A bullfrog skeleton (D:3)
  Jessica (D:3)
  Terence (D:3)
  Robin (D:2)
  3 adders
  4 worms
  2 orcs (D:3)
  7 ball pythons
  4 bats
  6 endoplasms
  2 giant cockroaches
  14 goblins
  11 hobgoblins
  3 jackals (D:1)
  6 kobolds
  3 quokkas
  A frilled lizard (D:1)
  3 rats
  2 rat zombies (D:3)
75 creatures vanquished.

Vanquished Creatures (others)
  4 fungi (D:2)
  14 plants
18 creatures vanquished.

Grand Total: 93 creatures vanquished

Notes
Turn   | Place    | Note
-------+----------+-------------------------------------------
     0 | D:1      | issech the Troll Monk began the quest for the Orb.
     0 | D:1      | Reached XP level 1. HP: 22/22 MP: 0/0
    80 | D:1      | You fall into a shaft and drop 1 floor!
   177 | D:2      | Reached XP level 2. HP: 29/29 MP: 1/1
   349 | D:1      | Reached skill level 3 in Maces & Flails
   516 | D:1      | Reached XP level 3. HP: 36/36 MP: 2/2
   856 | D:2      | Found a faded altar of an unknown god.
  1024 | D:2      | Noticed Robin
  1060 | D:2      | Killed Robin
  1083 | D:2      | Reached XP level 4. HP: 35/45 MP: 3/3
  1342 | D:3      | Noticed Terence
  1359 | D:3      | Killed Terence
  1516 | D:3      | Reached XP level 5. HP: 53/53 MP: 4/4
  1525 | D:3      | Noticed Jessica
  1537 | D:3      | Killed Jessica
  1538 | D:3      | Reached skill level 4 in Maces & Flails
  1587 | D:3      | Found a sacrificial altar of Ru.
  1808 | D:3      | Found an ancient bone altar of Kikubaaqudgha.
  1958 | D:3      | Found a transporter.
  1959 | D:3      | Found a transporter.
  2019 | D:3      | Noticed GloriousHammer's ghost (weakling MfSu)
  2108 | D:3      | Identified the +6 plate armour of a volcano {Harm rElec rN+
                  | Int+2}
  2298 | D:3      | HP: 2/53 [orc/+0 flail (2)]
  2299 | D:3      | Slain by an orc

Illustrated notes

Levels and vault maps discovered:
D:1:      dpeg_arrival_central, layout_rooms, dk_noncrumbling_2
D:2:      layout_rooms, dreamdust_ecumenical_altar_grove, uniq_robin
D:3:      cheibrodos_old_hovel, layout_loops_ring, mainiacjoe_overflow_chevrons,
          lemuel_zombie_altar_kikubaaqudgha, gammafunk_ghost_gnarly_gnolls,
          uniq_terence, uniq_jessica
D:4:      layout_rooms, mainiacjoe_overflow_alcove_2, temple_fountains

Skill      XL: |  1  2  3  4  5 |
---------------+----------------+-----
Maces & Flails | 3 4 |  4.2
Fighting       | 3 |  3.4
Dodging        | 3 |  3.1
Throwing       | |  0.8
Stealth        | |  1.3

Action                   |  1- 3 |  4- 6 || total
-------------------------+-------+-------++-------
Melee: Mace              |    62 |       ||    62
       Whip              |    54 |   100 ||   154
       Punch             |     1 |     2 ||     3
Throw: Stone             |    23 |    18 ||    41
 Stab: Sleeping          |     1 |       ||     1
Armor: Robe              |    47 |    35 ||    82
Dodge: Dodged            |    69 |    82 ||   151
